AoeStats
← tony le gros rou

Arena

505906391Analyzed
4v4 RM · 21d ago on Sep 11, 2026· 44m 40s· 8 players
Game mode
Random Map
Map size
Large (8 player)
Population
200
Speed
Normal
Resources
Standard
Victory
Conquest
Starting age
Dark Age
Ending age
Imperial Age
RankedLock teamsTeams togetherTeam positionsShared explorationLock speedFull tech treeHidden civsTurbo modeCheats
Victory
Defeat
🇨🇳 Malians · China
1523
+12
🇨🇳 Mapuche · China
1504
+12
🇨🇳 Turks · China
1471
+14
🇨🇳 Japanese · China
1305
+19
🇫🇷 Malay · France
1462
-16
🇫🇷 Britons · France
1441
-15
🇩🇪 Gurjaras · Germany
1399
-14
🇫🇷 Sicilians · France
1364
-12
时尚
10:46 Feudal Age
11:15 Loom
14:41 Castle Age
12:42 Double-Bit Axe
14:23 Horse Collar
19:11 Scale Mail Armor
23:17 Forging
24:24 Chain Mail Armor
24:34 Squires
25:14 Arson
30:45 Iron Casting
35:12 Bow Saw
35:05 Heavy Plow
36:43 Wheelbarrow
37:15 Stone Mining
37:16 Gold Mining
41:37 Imperial Age
41:06 Gold Shaft Mining
41:26 Treadmill Crane
41:53 Elite Samurai
43:05 Plate Mail Armor
41:57 Capped Ram
43:04 Siege Engineers
大吉哥哥
10:38 Feudal Age
14:08 Castle Age
12:18 Double-Bit Axe
12:20 Horse Collar
20:55 Loom
21:57 Wheelbarrow
22:37 Gold Mining
23:00 Bow Saw
23:06 Heavy Plow
23:57 Gold Shaft Mining
27:47 Imperial Age
25:20 Scale Mail Armor
25:36 Stone Mining
26:18 Chain Mail Armor
26:36 Forging
26:31 Squires
26:16 Arson
26:44 Treadmill Crane
28:26 Stone Shaft Mining
28:54 Iron Casting
29:05 Plate Mail Armor
28:58 Conscription
28:09 Capped Ram
29:18 Scale Barding Armor
29:27 Elite Gbeto
30:28 Conscription
30:19 Husbandry
30:29 Bloodlines
29:41 Cavalier
30:58 Farimba
35:15 Crop Rotation
34:22 Light Cavalry
35:32 Chain Barding Armor
36:29 Chemistry
40:23 Plate Barding Armor
41:55 Hand Cart
41:25 Loom
41:32 Town Watch
42:05 Hand Cart
41:46 Fletching
42:09 Fortified Wall
41:55 Murder Holes
44:04 Guard Tower
44:36 Fervor
44:41 Bodkin Arrow
44:47 Padded Archer Armor
44:08 Man-at-Arms
45:43 Keep
45:29 Ballistics
45:49 Keep
小陆别乱撞
11:02 Feudal Age
12:39 Double-Bit Axe
15:18 Castle Age
13:33 Horse Collar
20:16 Heavy Plow
21:10 Loom
24:28 Bow Saw
25:40 Wheelbarrow
26:38 Gold Mining
28:58 Fletching
29:08 Padded Archer Armor
29:39 Hand Cart
30:39 Gold Shaft Mining
29:55 Stone Mining
34:58 Imperial Age
34:09 Stone Shaft Mining
34:50 Ballistics
34:10 Treadmill Crane
35:24 Bodkin Arrow
35:44 Leather Archer Armor
35:44 Siege Engineers
36:42 Chemistry
35:05 Heavy Scorpion
35:06 Onager
36:19 Conscription
36:35 Hoardings
36:01 Capped Ram
38:13 Crop Rotation
37:47 Arrowslits
40:23 Forging
42:51 Coinage
abc963852741
10:51 Feudal Age
14:38 Castle Age
12:39 Double-Bit Axe
13:09 Horse Collar
15:50 Bow Saw
42:10 Wheelbarrow
42:13 Heavy Plow
46:17 Imperial Age
44:53 Padded Archer Armor
Tonymontana
6:01 Loom
8:58 Feudal Age
14:32 Fletching
22:07 Horse Collar
22:12 Double-Bit Axe
32:33 Castle Age
32:40 Wheelbarrow
35:35 Bodkin Arrow
36:27 Crossbowman
39:13 Gold Mining
40:12 Bow Saw
41:59 Heavy Plow
tony le gros rou
11:11 Feudal Age
14:52 Castle Age
12:54 Double-Bit Axe
15:29 Scale Barding Armor
36:09 Fletching
36:50 Forging
38:55 Horse Collar
40:12 Iron Casting
42:14 Squires
p0n0n0
9:41 Feudal Age
10:02 Loom
13:52 Castle Age
12:45 Double-Bit Axe
21:27 Horse Collar
26:29 Redemption
30:04 Wheelbarrow
30:52 Fletching
31:36 Sanctity
34:13 Bow Saw
34:04 Heavy Plow
38:41 Imperial Age
37:32 Scale Barding Armor
37:38 Forging
37:37 Kshatriyas
38:05 Bloodlines
37:55 Husbandry
38:05 Bloodlines
38:12 Husbandry
38:47 Chain Barding Armor
39:54 Iron Casting
39:02 Heavy Camel Rider
42:11 Plate Barding Armor
41:21 Elite Shrivamsha Rider
ccereal
7:12 Loom
9:14 Feudal Age
9:58 Double-Bit Axe
13:58 Fletching
14:16 Padded Archer Armor
20:33 Wheelbarrow
23:19 Castle Age
21:59 Horse Collar
22:11 Gold Mining
23:23 Crossbowman
23:59 Bodkin Arrow
24:14 Bow Saw
24:39 Leather Archer Armor
27:18 Ballistics
35:16 Imperial Age
33:02 Hand Cart
32:32 Town Watch
33:42 Heavy Plow
33:33 Stone Mining
35:09 Gold Shaft Mining
35:30 Fortified Wall
35:30 Masonry
36:00 Bracer
35:22 Arbalester
37:07 Chemistry
37:19 Yeomen
38:14 Ring Archer Armor
37:59 Masonry
38:27 Hoardings
38:24 Herbal Medicine
40:19 Siege Engineers
40:45 Architecture
41:44 Murder Holes
42:20 Architecture
Connection lost

Rejoining the realm…

Still unreachable

The connection could not be restored.

Session expired

The server has moved on; the page needs a fresh start.